 Dungeon Crawl Stone Soup version 0.31.0 (webtiles) character file.

Game seed: 18090580569714883077

1635 qw the Skirmisher (level 8, -5/51 HPs)
             Began as a Gargoyle Hunter on Jan 20, 2024.
             Slain by an orc
             ... wielding a +0 whip of distortion
              (8 damage)
             ... on level 7 of the Dungeon.
             The game lasted 00:00:22 (5138 turns).

qw the Skirmisher (Gargoyle Hunter)                 Turns: 5138, Time: 00:00:22

Health: -5/51      AC: 20    Str: 20    XL:     8   Next: 98%
Magic:  8/8        EV: 11    Int: 14    God:
Gold:   480        SH:  0    Dex: 15    Spells: 7/7 levels left

rFire   . . .        a - +1 shortbow (drain)
rCold   . . .        (shield currently unavailable)
rNeg    + . .        e - +0 ring mail
rPois   inf          g - +1 helmet {Int+3}
rElec   +            l - +2 cloak
rCorr   .            (no gloves)
SInv    .            (no boots)
Will    .....        (no amulet)
Stlth   +            d - +4 ring of protection
HPRegen 0.28/turn    b - +6 ring of strength
MPRegen 0.11/turn

%: no passive effects
@: no status effects
A: sickness immunity, AC +5, negative energy resistance 1, electricity
resistance, torment resistance 1, petrification resistance
a: no special abilities


You were on level 7 of the Dungeon.
You visited 1 branch of the dungeon, and saw 7 of its levels.

You collected 480 gold pieces.


Innate Abilities, Weirdness & Mutations

You are immune to sickness and miasma.
Your stone body is resilient. (AC +5)
You are immune to poison.
You resist negative energy. (rN+)
You are resistant to electric shocks. (rElec)
You are resistant to unholy torment.
You are immune to petrification.


   Skills:
 - Level 6.1 Fighting
 + Level 9.9 Ranged Weapons
 - Level 3.3 Armour
 - Level 2.0 Dodging
 - Level 1.1 Stealth


You had 7 spell levels left.
You didn't know any spells.
Your spell library was empty.

Inventory:

Hand Weapons
 a - a +1 shortbow of draining (weapon)
Armour
 e - a +0 ring mail (worn)
 g - a +1 helmet of intelligence (worn)
 l - a +2 cloak (worn)
Jewellery
 b - a +6 ring of strength (right hand)
 d - a +4 ring of protection (left hand)
Wands
 j - a wand of polymorph (10)
 m - a wand of charming (12)
Potions
 f - a potion of berserk rage {unknown}
 h - 2 potions of cancellation
 i - 3 potions of curing
 k - a potion of might

Dungeon Overview and Level Annotations

Branches:
Dungeon (7/15)
 Temple: D:4-7

Altars:
Makhleb

Shops:
D:4 (   D:6 :

Annotations:
D:6 Menkaure


Message History

You shoot an arrow. The arrow hits the orc.
You kill the orc!
A phantom comes into view.
5129 ||| FLEEEEING.
An orc comes into view. It is wielding a +0 club.
The orc shouts!
You shoot an arrow. The arrow hits the phantom.
The phantom is lightly damaged.
The phantom hits you.
You shoot an arrow.
The arrow completely misses the phantom.
The phantom hits you but does no damage.
You shoot an arrow. The arrow barely misses the phantom.
The phantom hits you but does no damage.
You shoot an arrow. The arrow hits the phantom!
The phantom is heavily damaged.
The phantom hits you but does no damage.
You shoot an arrow. The arrow barely misses the phantom.
Something hits you but does no damage. The phantom closely misses you.
The orc hits you with a +0 whip of distortion.
Space warps around you!
You shoot an arrow.
The arrow hits the phantom but does no damage.
The phantom is moderately damaged.
Something hits you. The phantom closely misses you.
You shoot an arrow. The arrow hits the phantom!
The phantom is severely damaged.
The phantom closely misses you. Something hits you but does no damage.
You shoot an arrow. The arrow closely misses the phantom.
The orc hits you with a +0 whip of distortion.
Something hits you but does no damage. The orc barely misses you.
The phantom barely misses you. The orc hits you but does no damage.
Space warps horribly around you!
You shoot an arrow. The arrow hits the phantom.
The phantom is severely damaged.
The orc hits you but does no damage. The phantom misses you.
Something hits you but does no damage.
The orc hits you with a +0 whip of distortion.
Space warps horribly around you!
You die...

.. ..... .##...#
. .#...## ##.
....#.
...###....
#.....#.######.
......W!.<.....
#####.){@#....#
#:.....oo...(.#
#.####..####..#
#.####...#....#
#..........#
###...##.###
#...##..####..##
+....).........#
#....##.#......#


You could see a phantom and 2 orcs.

Vanquished Creatures
  Grinder (D:3)
  Sigmund (D:3)
  A steam dragon (D:7)
  A water moccasin (D:5)
  A black bear (D:5)
  An ice beast (D:6)
  A centaur (D:6)
  A scorpion (D:5)
  5 wights (D:6)
  A howler monkey (D:5)
  A bombardier beetle (D:3)
  2 hounds
  A jelly (D:6)
  Natasha (thrice) (D:3)
  3 iguanas
  An orc wizard (D:5)
  3 gnolls
  3 adders
  A dart slug (D:1)
  A ribbon worm (D:3)
  8 orcs
  3 bats
  10 endoplasms
  5 giant cockroaches
  3 goblins
  6 hobgoblins
  7 ball pythons
  2 frilled lizards
  10 kobolds
  9 rats
96 creatures vanquished.

Notes
Turn   | Place    | Note
-------+----------+-------------------------------------------
     0 | D:1      | qw the Gargoyle Hunter began the quest for the Orb.
     0 | D:1      | Reached XP level 1. HP: 12/12 MP: 1/1
     0 | D:1      | 0 ||| qw: Version: 0.3-a-132-g3d54051
     0 | D:1      | 0 ||| qw: Game counter: 460
     0 | D:1      | 0 ||| qw: Melee chars always use a shield: true
     0 | D:1      | 0 ||| qw: God list: Okawaru
     0 | D:1      | 0 ||| qw: Allow faded altars: false
     0 | D:1      | 0 ||| qw: Do Orc after clearing Dungeon:15 true
     0 | D:1      | 0 ||| qw: Do second Lair branch before Depths: true
     0 | D:1      | 0 ||| qw: Lair rune preference: random
     0 | D:1      | 0 ||| qw: Goals: Normal
     0 | D:1      | 0 ||| PLANNING D:1-11
     0 | D:1      | 0 ||| DROPPING scroll of butterflies.
   192 | D:2      | Found a burning altar of Makhleb.
   227 | D:2      | 227 ||| FLEEEEING.
   229 | D:2      | 229 ||| FLEEEEING.
   237 | D:2      | 237 ||| STAIRDANCE
   243 | D:1      | Reached XP level 2. HP: 17/17 MP: 2/2
   272 | D:1      | 272 ||| UPGRADING to +0 helmet.
   277 | D:1      | 277 ||| UPGRADING to +4 ring of protection.
   627 | D:2      | 627 ||| READING 3 scrolls labelled QUALAXT REDIK.
   627 | D:2      | 627 ||| IDENTIFYING coppery potion
   628 | D:2      | 628 ||| FLEEEEING.
   630 | D:2      | 630 ||| STAIRDANCE
   703 | D:1      | Reached XP level 3. HP: 21/21 MP: 3/3
   862 | D:1      | Reached skill level 5 in Ranged Weapons
  1202 | D:1      | 1202 ||| READING 2 scrolls of identify.
  1202 | D:1      | 1202 ||| IDENTIFYING orange potion
  1203 | D:1      | 1203 ||| READING scroll of identify.
  1203 | D:1      | 1203 ||| IDENTIFYING golden potion
  1204 | D:1      | 1204 ||| READING scroll labelled YTSOSE IDELA.
  1305 | D:1      | 1305 ||| READING scroll labelled GEYSAM UKKEJEXT.
  1306 | D:1      | 1306 ||| DROPPING potion of degeneration.
  1405 | D:3      | Found a burning altar of Makhleb.
  1435 | D:3      | Noticed Natasha
  1446 | D:3      | Killed Natasha
  1447 | D:3      | Reached skill level 3 in Fighting
  1447 | D:3      | Reached XP level 4. HP: 19/28 MP: 4/4
  1563 | D:3      | Noticed Natasha
  1573 | D:3      | Killed Natasha
  1622 | D:3      | Noticed Grinder
  1624 | D:3      | Noticed Sigmund
  1634 | D:3      | HP: 6/28 [Sigmund/magic dart (6)]
  1635 | D:3      | 1635 ||| DRINKING potion of heal wounds.
  1640 | D:3      | Paralysed by Grinder for 2 turns
  1642 | D:3      | Killed Grinder
  1643 | D:3      | Reached skill level 7 in Ranged Weapons
  1643 | D:3      | Reached XP level 5. HP: 24/32 MP: 5/5
  1643 | D:3      | Reached XP level 6. HP: 28/37 MP: 6/6
  1643 | D:3      | 1643 ||| FLEEEEING.
  1654 | D:3      | 1654 ||| FLEEEEING.
  1667 | D:3      | 1667 ||| FLEEEEING.
  1683 | D:3      | 1683 ||| FLEEEEING.
  1694 | D:3      | 1694 ||| DRINKING clear potion.
  1695 | D:3      | 1695 ||| DRINKING sedimented amethyst potion.
  1709 | D:3      | Killed Sigmund
  1710 | D:3      | Reached skill level 3 in Armour
  1710 | D:3      | Reached XP level 7. HP: 41/41 MP: 7/7
  1927 | D:3      | Noticed Natasha
  1934 | D:3      | Killed Natasha
  1989 | D:3      | 1989 ||| FLEEEEING.
  2195 | D:3      | Found a faded altar of an unknown god.
  2280 | D:3      | 2280 ||| READING scroll of identify.
  2280 | D:3      | 2280 ||| IDENTIFYING fuming puce potion
  2281 | D:3      | 2281 ||| READING scroll labelled QOXZAU KODGHENK.
  2282 | D:3      | 2282 ||| READING scroll labelled LYLUMU TYCWANETI.
  2283 | D:3      | 2283 ||| DROPPING potion of brilliance.
  2309 | D:4      | 2309 ||| STAIRDANCE
  2351 | D:4      | Found Sitysm's Weapon Emporium.
  3064 | D:4      | 3064 ||| UPGRADING to +1 helmet of intelligence.
  3074 | D:4      | 3074 ||| DROPPING +0 helmet.
  3075 | D:4      | 3075 ||| READING scroll of identify.
  3075 | D:4      | 3075 ||| IDENTIFYING black potion
  3076 | D:4      | 3076 ||| READING scroll labelled GUXIS KUCIZA.
  3076 | D:4      | 3076 ||| ENCHANTING +0 shortbow.
  3095 | D:5      | Entered Level 5 of the Dungeon
  3182 | D:5      | HP: 6/43 [black bear (6)]
  3186 | D:5      | 3186 ||| FLEEEEING.
  3295 | D:5      | 3295 ||| FLEEEEING.
  3507 | D:5      | Reached skill level 8 in Ranged Weapons
  3537 | D:5      | Reached XP level 8. HP: 36/48 MP: 8/8
  3537 | D:5      | 3537 ||| FLEEEEING.
  3684 | D:5      | 3684 ||| FLEEEEING.
  4008 | D:5      | 4008 ||| UPGRADING to +0 ring mail.
  4018 | D:5      | 4018 ||| DROPPING +0 leather armour.
  4019 | D:5      | 4019 ||| UPGRADING to +2 cloak.
  4024 | D:5      | 4024 ||| UPGRADING to +6 ring of strength.
  4025 | D:5      | 4025 ||| DROPPING ring of magical power.
  4026 | D:5      | 4026 ||| READING scroll of identify.
  4026 | D:5      | 4026 ||| IDENTIFYING scroll labelled MIUH CINYIBE
  4027 | D:5      | 4027 ||| READING scroll labelled HAEVEG OTIREDE.
  4027 | D:5      | 4027 ||| BRANDING +1 shortbow.
  4205 | D:6      | Found Ixkestrodd's Book Emporium.
  4504 | D:6      | 4504 ||| RETREEEEATING.
  4506 | D:6      | 4506 ||| RETREEEEATING.
  4536 | D:6      | Reached skill level 9 in Ranged Weapons
  4536 | D:6      | 4536 ||| FLEEEEING.
  4590 | D:6      | 4590 ||| FLEEEEING.
  4726 | D:6      | 4726 ||| READING scroll labelled WUGAIRR JEORHU.
  4833 | D:6      | 4833 ||| STAIRDANCE
  4839 | D:6      | 4839 ||| STAIRDANCE
  4871 | D:6      | Reached skill level 6 in Fighting
  4878 | D:6      | Noticed Menkaure
  4893 | D:6      | HP: 12/51 [Menkaure (6)]
  4894 | D:6      | 4894 ||| READING scroll of teleportation.
  4898 | D:6      | 4898 ||| FLEEEEING.
  4901 | D:6      | 4901 ||| STAIRDANCE
  5117 | D:7      | 5117 ||| Stepping ~*~*~tactically~*~*~ (cloud).
  5129 | D:7      | 5129 ||| FLEEEEING.
  5137 | D:7      | HP: 4/51 [orc/+0 whip of distortion (17)]
  5138 | D:7      | Slain by an orc

Levels and vault maps discovered:
D:1:      nicolae_arrival_escape_room, layout_basic, serial_aquarium,
          aquarium_bridge_long_separate [aquarium_subvault_wall,
          aquarium_subvault_bridge, aquarium_subvault_wall,
          aquarium_subvault_window, aquarium_subvault_bridge,
          aquarium_subvault_wall], aquarium_bridge_square
          [aquarium_subvault_bridge, aquarium_subvault_bridge,
          aquarium_subvault_wall, aquarium_subvault_wall], aquarium_window_fake,
          aquarium_window_1, aquarium_window_fake, aquarium_window_1,
          aquarium_view_2b, aquarium_pool_2, st_stairs_11,
          reono_crystal_passage, hex_tiny, dreamdust_wishing_well
D:2:      layout_basic, basic_altar, columned_hall_lemuel
D:3:      layout_basic, lemuel_crystal_altar,
          dreamdust_ecumenical_altar_angels_and_demons, uniq_sigmund,
          uniq_grinder, uniq_natasha
D:4:      layout_loops_ring, serial_shops, shop, kennysheep_cross_bottleneck
D:5:      layout_loops_cross, serial_bayou_pond_d
D:6:      layout_basic, serial_shops, shop, uniq_menkaure
D:7:      layout_basic, minmay_temple_entry_antechambers, uniq_maurice

Skill      XL: |  1  2  3  4  5  6  7  8 |
---------------+-------------------------+-----
Ranged Weapons | 5 7 8 9 |  9.9
Fighting       | 3 4 6 |  6.1
Armour         | 3 |  3.3
Dodging        | 2 |  2.0
Stealth        | |  1.1

Action                     |  1- 3 |  4- 6 |  7- 9 || total
---------------------------+-------+-------+-------++-------
   Fire: Shortbow          |    98 |    61 |   280 ||   439
    Use: Scroll            |     5 |       |     9 ||    14
         Potion            |       |     3 |       ||     3
 Armour: Leather armour    |    36 |    26 |    76 ||   138
         Skin              |       |    11 |       ||    11
         Ring mail         |       |       |    65 ||    65
  Dodge: Dodged            |    39 |    10 |   104 ||   153

Table legend:
 A = Non-vault XP
 B = Vault XP
 C = Vault XP percentage of total XP
 D = Non-vault monster count
 E = Vault monster count
 F = Vault count percentage of total count
                 A         B        C        D         E       F
            +---------+---------+-------+---------+---------+-------
      Total |    1794 |     543 |  23.2 |      89 |       6 |   6.3
            +---------+---------+-------+---------+---------+-------
        D:1 |      36 |       4 |  10.0 |      21 |       3 |  12.5
        D:2 |      11 |       0 |   0.0 |       9 |       0 |   0.0
        D:3 |     156 |     539 |  77.6 |      17 |       3 |  15.0
        D:4 |     127 |       0 |   0.0 |      16 |       0 |   0.0
        D:5 |     566 |       0 |   0.0 |      11 |       0 |   0.0
        D:6 |     686 |       0 |   0.0 |      10 |       0 |   0.0
        D:7 |     212 |       0 |   0.0 |       5 |       0 |   0.0
            +---------+---------+-------+---------+---------+-------
